| TOP OF THE 1ST |
|
Staten Island Yankees batting - Pitching for Spokane Indians : LHP Valery Sahanov
|
|
Pitching: LHP Valery Sahanov
|
|
|
Batting: RHB Francisco Vargas
|
0-0: Called Strike 0-1: Called Strike 0-2: Ball 1-2: SINGLE (Groundball, 6M, EV 107.5 MPH) (infield hit)
|
|
Batting: RHB Brian Warren
|
0-0: Ball 1-0: Grounds into double play, 4-6-3 (Groundball, 4, EV 103.1 MPH)
|
|
Batting: SHB Josh Parker
|
0-0: Called Strike 0-1: Ball 1-1: Ball 2-1: Swinging Strike 2-2: Ground out 5-3 (Groundball, 56S, EV 85.0 MPH)
|
| Top of the 1st over - 0 runs, 1 hit, 0 errors, 0 left on base; Staten Island 0 - Spokane 0 |
| BOTTOM OF THE 1ST |
|
Spokane Indians batting - Pitching for Staten Island Yankees : RHP Bobby Kosmicki
|
|
Pitching: RHP Bobby Kosmicki
|
|
|
Batting: RHB Orlando Melchor
|
0-0: Foul Ball, location: 2F 0-1: Foul Ball, location: 2F 0-2: Ball 1-2: Foul Ball, location: 2F 1-2: Foul Ball, location: 2F 1-2: Ground out 3-1 (Groundball, 13, EV 81.9 MPH)
|
|
Batting: LHB Jesus Romero
|
0-0: Ball 1-0: Called Strike 1-1: Swinging Strike 1-2: Ball 2-2: Foul Ball, location: 2F 2-2: Ball 3-2: Ground out 4-3 (Groundball, 4, EV 83.1 MPH)
|
|
Batting: LHB Gabriel Graves
|
0-0: Ball 1-0: Called Strike 1-1: Foul Ball, location: 2F 1-2: Ball 2-2: Ball 3-2: SINGLE (Groundball, 4MD, EV 108.1 MPH)
|
|
Batting: LHB Dave Doughty
|
0-0: Called Strike 0-1: Hit by Pitch Gabriel Graves to second
|
|
Batting: RHB Josh Ferguson
|
0-0: Ball 1-0: Called Strike 1-1: Fielders Choice at 2nd, 6-4 (Groundball, 6, EV 81.9 MPH)
|
| Bottom of the 1st over - 0 runs, 1 hit, 0 errors, 2 left on base; Staten Island 0 - Spokane 0 |
| TOP OF THE 2ND |
|
Staten Island Yankees batting - Pitching for Spokane Indians : LHP Valery Sahanov
|
|
Batting: RHB Mike Zern
|
0-0: Fly out, F8 (Flyball, 8LXD, EV 98.1 MPH)
|
|
Batting: LHB Mike Schermerhorn
|
0-0: Ball 1-0: Foul Ball, location: 2F 1-1: Ground out 4-3 (Groundball, 4, EV 87.5 MPH)
|
|
Batting: SHB Adam Slade
|
0-0: Ball 1-0: Ground out 2-3 (Groundball, 15S, EV 70.6 MPH)
|
| Top of the 2nd over - 0 runs, 0 hits, 0 errors, 0 left on base; Staten Island 0 - Spokane 0 |
| BOTTOM OF THE 2ND |
|
Spokane Indians batting - Pitching for Staten Island Yankees : RHP Bobby Kosmicki
|
|
Batting: RHB Matt Strong
|
0-0: Ball 1-0: Swinging Strike 1-1: Ball 2-1: Ball 3-1: Foul Ball, location: 2F 3-2: Base on Balls
|
|
Batting: RHB Darnell Jones
|
0-0: Called Strike 0-1: Ball 1-1: Grounds into double play, 6-4-3 (Groundball, 6, EV 85.6 MPH)
|
|
Batting: RHB Luis Reyna
|
0-0: Ground out 6-3 (Groundball, 6, EV 92.5 MPH)
|
| Bottom of the 2nd over - 0 runs, 0 hits, 0 errors, 0 left on base; Staten Island 0 - Spokane 0 |
| TOP OF THE 3RD |
|
Staten Island Yankees batting - Pitching for Spokane Indians : LHP Valery Sahanov
|
|
Batting: LHB Joe Vida
|
0-0: Ball 1-0: Called Strike 1-1: Called Strike 1-2: Ball 2-2: Foul Ball, location: 2F 2-2: Ball 3-2: Foul Ball, location: 2F 3-2: Strikes out swinging
|
|
Batting: RHB Norimoto Miyanishi
|
0-0: Ball 1-0: Called Strike 1-1: Ball 2-1: Called Strike 2-2: Strikes out swinging, 2-3 out at first.
|
|
Batting: RHB Alex Blanco
|
0-0: Called Strike 0-1: Foul Ball, location: 2F 0-2: Strikes out swinging
|
| Top of the 3rd over - 0 runs, 0 hits, 0 errors, 0 left on base; Staten Island 0 - Spokane 0 |
| BOTTOM OF THE 3RD |
|
Spokane Indians batting - Pitching for Staten Island Yankees : RHP Bobby Kosmicki
|
|
Batting: RHB Herb Craig
|
0-0: Foul Ball, location: 2F 0-1: Hit by Pitch
|
|
Batting: RHB Orlando Melchor
|
0-0: Called Strike 0-1: Ball 1-1: Ball 2-1: Ball 3-1: Base on Balls Herb Craig to second
|
|
Batting: LHB Jesus Romero
|
0-0: Foul Ball, location: 2F 0-1: Ball 1-1: Ball 2-1: Ball 3-1: Called Strike 3-2: Fly out, F9 (Flyball, 9LS, EV 93.1 MPH)
|
|
Batting: LHB Gabriel Graves
|
0-0: Foul Ball, location: 2F 0-1: Ball 1-1: Ball 2-1: Foul Ball, location: 2F 2-2: Ball 3-2: SINGLE (Groundball, 56D, EV 101.2 MPH) - runner OUT being hit by batted ball. (infield hit) Orlando Melchor to second
|
|
Batting: LHB Dave Doughty
|
0-0: Ball Wild Pitch! Orlando Melchor to third Gabriel Graves to second 1-0: Called Strike 1-1: Fly out, F8 (Flyball, 8LM, EV 86.9 MPH)
|
| Bottom of the 3rd over - 0 runs, 1 hit, 0 errors, 2 left on base; Staten Island 0 - Spokane 0 |
| TOP OF THE 4TH |
|
Staten Island Yankees batting - Pitching for Spokane Indians : LHP Valery Sahanov
|
|
Batting: RHB Francisco Vargas
|
0-0: Swinging Strike 0-1: Ball 1-1: Ball 2-1: Ball 3-1: Reached on error, E4 (Groundball, 4S, EV 94.4 MPH)
|
|
Batting: RHB Brian Warren
|
0-0: Swinging Strike 0-1: Ball 1-1: Ball 2-1: Foul Ball, location: 2F 2-2: Ball 3-2: Foul Ball, location: 2F 3-2: Foul Ball, location: 2F 3-2: Foul Ball, location: 2F 3-2: Foul Ball, location: 2F 3-2: Foul Ball, location: 2F 3-2: DOUBLE (Groundball, 5L, EV 103.8 MPH) Francisco Vargas scores
|
|
Batting: SHB Josh Parker
|
0-0: Swinging Strike 0-1: Swinging Strike 0-2: Strikes out swinging
|
|
Batting: RHB Mike Zern
|
0-0: Foul Ball, location: 2F 0-1: Ball 1-1: Fly out, F7 (Flyball, 7, EV 89.4 MPH)
|
|
Batting: LHB Mike Schermerhorn
|
0-0: Foul Ball, location: 2F 0-1: Fly out, F9 (Flyball, 9D, EV 100.0 MPH)
|
| Top of the 4th over - 1 run, 1 hit, 1 error, 1 left on base; Staten Island 1 - Spokane 0 |
| BOTTOM OF THE 4TH |
|
Spokane Indians batting - Pitching for Staten Island Yankees : RHP Bobby Kosmicki
|
|
Batting: RHB Josh Ferguson
|
0-0: Ball 1-0: Called Strike 1-1: Ball 2-1: Ball 3-1: Swinging Strike 3-2: Strikes out swinging
|
|
Batting: RHB Matt Strong
|
0-0: Foul Ball, location: 2F 0-1: Ball 1-1: Foul Ball, location: 2F 1-2: Ground out 5-3 (Groundball, 56, EV 85.0 MPH)
|
|
Batting: RHB Darnell Jones
|
0-0: Ground out 6-3 (Groundball, P, EV 83.1 MPH)
|
| Bottom of the 4th over - 0 runs, 0 hits, 0 errors, 0 left on base; Staten Island 1 - Spokane 0 |
| TOP OF THE 5TH |
|
Staten Island Yankees batting - Pitching for Spokane Indians : LHP Valery Sahanov
|
|
Batting: SHB Adam Slade
|
0-0: Foul Ball, location: 2F 0-1: Ball 1-1: Ball 2-1: Ball 3-1: Base on Balls
|
|
Batting: LHB Joe Vida
|
0-0: Called Strike 0-1: Called Strike 0-2: Strikes out looking
|
|
Batting: RHB Norimoto Miyanishi
|
0-0: Called Strike 0-1: Ball 1-1: Called Strike 1-2: Ball 2-2: Ball 3-2: Strikes out swinging
|
|
Batting: RHB Alex Blanco
|
0-0: Ball 1-0: Ball 2-0: Called Strike 2-1: Ball 3-1: Base on Balls Adam Slade to second
|
|
Batting: RHB Francisco Vargas
|
0-0: Called Strike 0-1: Foul Ball, location: 2F 0-2: Strikes out swinging
|
| Top of the 5th over - 0 runs, 0 hits, 0 errors, 2 left on base; Staten Island 1 - Spokane 0 |
| BOTTOM OF THE 5TH |
|
Spokane Indians batting - Pitching for Staten Island Yankees : RHP Bobby Kosmicki
|
|
Batting: RHB Luis Reyna
|
0-0: Ball 1-0: Ball 2-0: Ball 3-0: Base on Balls
|
|
Batting: RHB Herb Craig
|
0-0: Called Strike 0-1: Ball 1-1: Called Strike 1-2: Foul Ball, location: 2F 1-2: Foul Ball, location: 2F 1-2: Strikes out looking
|
|
Batting: RHB Orlando Melchor
|
0-0: Called Strike Luis Reyna steals 2nd base 0-1: Ball 1-1: Ball 2-1: Ball 3-1: Foul Ball, location: 2F 3-2: Fly out, F8 (Line Drive, 89D, EV 111.2 MPH)
|
|
Batting: LHB Jesus Romero
|
0-0: Ball 1-0: Foul Ball, location: 2F 1-1: Ground out 6-3 (Groundball, 6, EV 88.8 MPH)
|
| Bottom of the 5th over - 0 runs, 0 hits, 0 errors, 1 left on base; Staten Island 1 - Spokane 0 |
| TOP OF THE 6TH |
|
Staten Island Yankees batting - Pitching for Spokane Indians : LHP Valery Sahanov
|
|
Batting: RHB Brian Warren
|
0-0: Called Strike 0-1: SINGLE (Groundball, 56D, EV 107.5 MPH)
|
|
Batting: SHB Josh Parker
|
0-0: Called Strike 0-1: Ball 1-1: Ball 2-1: Foul Ball, location: 2F 2-2: Ball 3-2: Fly out, F7 (Flyball, 7LM, EV 75.6 MPH)
|
|
Batting: RHB Mike Zern
|
0-0: Ball 1-0: Swinging Strike 1-1: Foul Ball, location: 2F 1-2: Foul Ball, location: 2F 1-2: Ball 2-2: Strikes out swinging
|
|
Batting: LHB Mike Schermerhorn
|
0-0: Called Strike 0-1: Ball 1-1: Ball 2-1: Called Strike 2-2: Strikes out swinging
|
| Top of the 6th over - 0 runs, 1 hit, 0 errors, 1 left on base; Staten Island 1 - Spokane 0 |
| BOTTOM OF THE 6TH |
|
Spokane Indians batting - Pitching for Staten Island Yankees : RHP Bobby Kosmicki
|
|
Batting: LHB Gabriel Graves
|
0-0: Ball 1-0: Ball 2-0: Fly out, F5 (Popup, 25F, EV 90.0 MPH)
|
|
Batting: LHB Dave Doughty
|
0-0: Called Strike 0-1: Foul Ball, location: 2F 0-2: SINGLE (Groundball, 6MD, EV 98.1 MPH)
|
|
Pitching: RHP Nate LaCava
|
|
|
Batting: RHB Josh Ferguson
|
0-0: DOUBLE (Line Drive, 3D, EV 108.1 MPH) Dave Doughty to third Runner from 3rd tries for Home, SAFE, no throw by RF
|
|
Pinch Hitting: LHB Bob Gilmour
|
0-0: Ball 1-0: Called Strike 1-1: Ball 2-1: DOUBLE (Line Drive, 9LS, EV 88.1 MPH) Josh Ferguson scores
|
|
Batting: RHB Darnell Jones
|
0-0: Ball 1-0: Swinging Strike 1-1: Ball 2-1: Called Strike 2-2: Ball 3-2: Ground out 5-3 (Groundball, 56, EV 79.4 MPH)
|
|
Batting: RHB Luis Reyna
|
0-0: Ball 1-0: Ball 2-0: Foul Ball, location: 2F 2-1: Ground out U3 (Groundball, 13, EV 90.0 MPH)
|
| Bottom of the 6th over - 2 runs, 3 hits, 0 errors, 1 left on base; Staten Island 1 - Spokane 2 |
| TOP OF THE 7TH |
|
Staten Island Yankees batting - Pitching for Spokane Indians : LHP Valery Sahanov
|
|
Now at 1B: Herb Craig
|
|
|
Now at 3B: Sal Espinosa
|
|
|
Now in CF: Casper Kersten
|
|
|
Now in RF: Dave Doughty
|
|
|
Batting: SHB Adam Slade
|
0-0: Foul Ball, location: 2F 0-1: TRIPLE (Flyball, 78XD, EV 103.8 MPH)
|
|
Batting: RHB Pat Pemberton
|
0-0: Called Strike 0-1: Ball 1-1: Swinging Strike 1-2: Foul Ball, location: 2F 1-2: Ball 2-2: Strikes out swinging
|
|
Pitching: RHP Chris Ishii
|
|
|
Pinch Hitting: SHB Tadaaki Kondo
|
0-0: Called Strike 0-1: Fly out, F7 (Flyball, 7D, EV 73.1 MPH) Runner from 3rd tags up, OUT at HOME! 7-2
|
| Top of the 7th over - 0 runs, 1 hit, 0 errors, 0 left on base; Staten Island 1 - Spokane 2 |
| BOTTOM OF THE 7TH |
|
Spokane Indians batting - Pitching for Staten Island Yankees : RHP Nate LaCava
|
|
Now in CF: Junki Nakamoto
|
|
|
Batting: RHB Herb Craig
|
0-0: Swinging Strike 0-1: Ball 1-1: Called Strike 1-2: Ball 2-2: SINGLE (Groundball, 56, EV 102.5 MPH) (infield hit)
|
|
Pitching: LHP Jon Moore
|
|
|
Batting: RHB Orlando Melchor
|
0-0: Called Strike Herb Craig steals 2nd base 0-1: Foul Ball, location: 2F 0-2: Ball 1-2: Foul Ball, location: 2F 1-2: Strikes out swinging
|
|
Batting: RHB Reilly Hawkins
|
0-0: Intentional Walk
|
|
Pinch Hitting: RHB Josh Whitmore
|
0-0: Called Strike 0-1: Ball 1-1: Called Strike 1-2: Foul Ball, location: 2F 1-2: Ball 2-2: Fielders Choice at 2nd, 5-4 (Groundball, 56, EV 98.8 MPH) Herb Craig to third
|
|
Batting: LHB Dave Doughty
|
0-0: DOUBLE (Flyball, 8RXD, EV 93.8 MPH) Herb Craig scores Josh Whitmore to third Runner from 3rd tries for Home, SAFE, throw by CF to home
|
|
Batting: RHB Josh Ferguson
|
0-0: Ground out 6-3 (Groundball, 6M, EV 107.5 MPH)
|
| Bottom of the 7th over - 2 runs, 2 hits, 0 errors, 1 left on base; Staten Island 1 - Spokane 4 |
| TOP OF THE 8TH |
|
Staten Island Yankees batting - Pitching for Spokane Indians : RHP Chris Ishii
|
|
Now at 2B: Josh Whitmore
|
|
|
Batting: RHB Alex Blanco
|
0-0: Ball 1-0: Called Strike 1-1: Swinging Strike 1-2: Ball 2-2: Ground out 5-3 (Groundball, 5, EV 104.4 MPH)
|
|
Batting: RHB Francisco Vargas
|
0-0: Called Strike 0-1: Ball 1-1: Ball 2-1: Ground out 6-3 (Groundball, 6, EV 88.8 MPH)
|
|
Batting: RHB Brian Warren
|
0-0: Called Strike 0-1: Called Strike 0-2: Fly out, F6 (Line Drive, 6MD, EV 71.9 MPH)
|
| Top of the 8th over - 0 runs, 0 hits, 0 errors, 0 left on base; Staten Island 1 - Spokane 4 |
| BOTTOM OF THE 8TH |
|
Spokane Indians batting - Pitching for Staten Island Yankees : LHP Jon Moore
|
|
Batting: LHB Casper Kersten
|
0-0: Ball 1-0: Called Strike 1-1: Swinging Strike 1-2: Ball 2-2: Strikes out looking
|
|
Batting: RHB Darnell Jones
|
0-0: Called Strike 0-1: Ball 1-1: Foul Ball, location: 2F 1-2: Ball 2-2: Ball 3-2: Ground out 4-3 (Groundball, 4, EV 101.9 MPH)
|
|
Batting: RHB Sal Espinosa
|
0-0: Ball 1-0: Ball 2-0: SINGLE (Groundball, 6M, EV 101.9 MPH)
|
|
Batting: RHB Herb Craig
|
0-0: Called Strike 0-1: Ball Sal Espinosa steals 2nd base 1-1: Ball 2-1: Ball 3-1: Base on Balls
|
|
Pitching: LHP John Stull
|
|
|
Batting: RHB Orlando Melchor
|
0-0: Foul Ball, location: 2F 0-1: Swinging Strike 0-2: Fly out, F4 (Popup, 4MD, EV 60.6 MPH)
|
| Bottom of the 8th over - 0 runs, 1 hit, 0 errors, 2 left on base; Staten Island 1 - Spokane 4 |
| TOP OF THE 9TH |
|
Staten Island Yankees batting - Pitching for Spokane Indians : RHP Chris Ishii
|
|
Pitching: RHP Javier Cabrera
|
|
|
Batting: SHB Josh Parker
|
0-0: Called Strike 0-1: Ball 1-1: Ball 2-1: Ball 3-1: Ground out U3 (Groundball, 3S, EV 91.9 MPH)
|
|
Batting: RHB Mike Zern
|
0-0: Ball 1-0: Ball 2-0: Called Strike 2-1: Ground out 5-3 (Groundball, 5, EV 84.4 MPH)
|
|
Batting: LHB Mike Schermerhorn
|
0-0: Ball 1-0: Fly out, F8 (Line Drive, 8RM, EV 86.2 MPH)
|
| Top of the 9th over - 0 runs, 0 hits, 0 errors, 0 left on base; Staten Island 1 - Spokane 4 |
|